Map: Prion Terraces

Players

grobjam

  • Race: Protoss Protoss
  • League: Silver

Titanius - Winner!

  • Race: Terran Terran
  • League: Silver

VOD

Have the link to the VOD?

Description

Time

  • Played on: March 11, 2016, 8:46 p.m.
  • Length: 15:52
Show
View Real Time Build Order
Export as new Build Order

grobjam Protoss 

Build Orders:  

Get SALT Encoding   

  12  0:02  Probe (Chrono Boost)  
  13  0:13  Probe (Chrono Boost)  
  14  0:20  Pylon  
  14  0:23  Probe (Chrono Boost)  
  15  0:38  Probe (Chrono Boost)  
  15  0:42  Gateway  
  16  0:46  Assimilator  
  16  0:49  Probe (Chrono Boost)  
  17  0:59  Probe (Chrono Boost)  
  18  1:10  Probe (Chrono Boost)  
  19  1:19  Pylon  
  19  1:20  Probe (Chrono Boost)  
  19  1:21  Assimilator  
  20  1:29  Cybernetics Core  
  20  1:31  Probe (Chrono Boost)  
  21  1:41  Probe (Chrono Boost)  
  22  1:52  Probe (Chrono Boost)  
  22  1:53  Gateway  
  23  2:05  Warp Gate (Chrono Boost)  
  23  2:07  Adept  
  25  2:09  Mothership Core (Chrono Boost)  
  27  2:27  Nexus  
  27  2:35  Pylon  
  27  2:42  Adept  
  29  2:45  Sentry  
  31  3:00  Gateway  
  31  3:02  Probe (Chrono Boost)  
  32  3:13  Probe  
  33  3:23  Stalker x2  
  33  3:25  Probe  
  38  3:38  Gateway  
  38  3:47  Robotics Facility, Probe  
  39  4:17  Stalker x2  
  39  4:18  Stalker  
  45  4:26  Assimilator  
  45  4:27  Assimilator  
  45  4:31  Probe  
  45  4:32  Probe  
  45  4:34  Twilight Council  
  45  4:35  Observer (Chrono Boost)  
  48  4:42  Probe  
  49  4:52  Probe  
  50  5:02  Observer (Chrono Boost)  
  50  5:03  Probe  
  50  5:04  Stalker  
  54  5:09  Pylon  
  54  5:12  Pylon  
  54  5:15  Pylon  
  54  5:18  Pylon  
  54  5:19  Blink  
  54  5:26  Probe  
  55  5:31  Gateway  
  55  5:32  Pylon  
  56  5:35  Probe  
  56  5:36  Probe  
  56  5:39  Stalker x3  
  63  5:47  Probe x2  
  65  5:55  Stalker  
  66  6:06  Stalker x3  
  72  6:23  Robotics Bay  
  72  6:33  Probe  
  72  6:37  Nexus  
  72  6:39  Pylon  
  73  6:42  Assimilator  
  73  6:44  Probe  
  74  6:48  Sentry x2  
  74  6:49  Zealot x3  
  84  7:03  Gateway  
  84  7:04  Probe  
  84  7:05  Gateway  
  85  7:16  Probe  
  85  7:17  Zealot x4  
  85  7:18  Zealot  
  85  7:21  Charge  
  96  7:34  Robotics Facility  
  97  7:44  Observer (Chrono Boost)  
  97  7:53  Zealot x5  
  107  8:03  Colossus (Chrono Boost)  
  113  8:18  Probe x2  
  113  8:19  Probe  
  116  8:27  Pylon  
  116  8:28  Probe  
  116  8:30  Pylon  
  117  8:38  Pylon  
  117  8:40  Probe  
  123  8:53  Colossus (Chrono Boost)  
  123  8:54  Stalker  
  125  8:56  Stalker  
  125  8:57  Stalker x3  
  125  8:58  Stalker  
  133  9:07  Colossus (Chrono Boost)  
  139  9:19  Forge  
  139  9:38  Zealot  
  141  9:43  Pylon  
  141  9:49  Assimilator  
  141  9:52  Pylon  
  141  9:57  Pylon  
  141  10:01  Colossus (Chrono Boost)  
  153  10:16  Stalker  
  153  10:18  Colossus (Chrono Boost)  
  153  10:19  Stalker x3  
  153  10:20  Stalker  
  163  10:37  Protoss Ground Weapons Level 1  
  163  11:21  Stalker  
  165  11:28  Pylon x2  
  165  11:34  Pylon  
  165  11:37  Extended Thermal Lance  
  177  11:48  Colossus (Chrono Boost)  
  177  11:52  Colossus (Chrono Boost)  
  177  12:04  Pylon  
  176  12:22  Photon Cannon  
  176  12:24  Photon Cannon  
  176  12:32  Zealot x5, Nexus  
  176  12:33  Zealot x2  
  196  12:41  Colossus (Chrono Boost)  
  196  13:12  Pylon  
  196  13:16  Pylon  
  196  13:22  Templar Archives  
  196  13:40  Warp Prism (Chrono Boost)  
  181  14:39  Stalker x6  
  181  14:40  Stalker  
  195  14:57  Pylon  
  195  15:08  Stargate  
  161  15:23  Stalker  
  161  15:24  Stalker x3  
  137  15:32  Stalker x3  
Show
View Real Time Build Order
Export as new Build Order

Titanius Terran - Winner!

Build Orders:  

Get SALT Encoding   

  12  0:02  SCV  
  13  0:14  SCV  
  14  0:34  Supply Depot  
  14  0:35  SCV  
  14  0:42  Refinery  
  15  0:46  Refinery  
  15  0:56  SCV  
  16  0:58  Barracks  
  16  1:08  SCV  
  17  1:20  SCV  
  18  1:51  Marine  
  18  1:52  Command Center  
  19  1:54  SCV  
  20  2:06  SCV  
  21  2:08  Supply Depot  
  21  2:09  Marine  
  22  2:18  SCV  
  23  2:30  Marine  
  23  2:31  SCV  
  25  2:37  Bunker  
  25  2:43  SCV  
  26  2:47  Marine  
  27  2:55  SCV  
  28  3:05  Marine  
  28  3:07  SCV  
  28  3:08  SCV  
  31  3:19  SCV  
  32  3:20  SCV  
  33  3:28  Engineering Bay  
  33  3:30  Marine  
  34  3:37  SCV  
  35  3:48  Marine  
  36  3:49  SCV  
  36  3:51  Factory  
  37  3:57  Missile Turret  
  37  3:59  SCV  
  37  4:01  SCV  
  39  4:09  Barracks  
  39  4:11  SCV  
  39  4:13  Barracks Reactor  
  40  4:24  Missile Turret  
  40  4:25  SCV  
  41  4:37  Factory Tech Lab, SCV  
  42  4:40  Starport  
  42  4:42  Orbital Command  
  42  4:44  Starport  
  42  4:50  Missile Turret  
  42  4:51  Hi-Sec Auto Tracking  
  42  4:53  Marine x2  
  42  4:58  Orbital Command  
  42  4:59  Barracks Tech Lab  
  44  5:08  Supply Depot  
  44  5:11  Marine x2  
  46  5:22  Supply Depot, Starport Tech Lab  
  46  5:23  Missile Turret, Starport Tech Lab  
  46  5:29  Siege Tank, Starport, Marine x2  
  46  5:35  Fusion Core  
  51  5:45  SCV  
  51  5:48  SCV  
  53  5:52  Refinery  
  53  5:57  SCV, Refinery  
  53  6:00  SCV  
  53  6:01  Siege Tank  
  58  6:06  Missile Turret  
  58  6:10  Supply Depot  
  58  6:24  Starport Tech Lab  
  58  6:25  Command Center  
  58  6:32  Armory  
  58  6:35  Supply Depot  
  58  6:37  Supply Depot  
  58  6:46  Battlecruiser  
  64  6:49  Battlecruiser  
  70  6:57  SCV  
  71  7:09  SCV  
  72  7:20  Battlecruiser  
  78  7:26  Supply Depot  
  78  7:33  Command Center  
  78  7:57  Terran Ship Weapons Level 1  
  78  7:59  Armory  
  78  8:07  Battlecruiser  
  78  8:10  SCV  
  85  8:22  SCV  
  86  8:33  Refinery  
  86  8:34  SCV  
  86  8:35  Battlecruiser  
  93  8:46  SCV  
  94  8:59  SCV  
  95  9:12  Refinery  
  95  9:14  Battlecruiser  
  102  9:39  Planetary Fortress  
  101  9:51  Battlecruiser  
  107  9:54  Terran Vehicle And Ship Armor Level 1  
  107  9:55  Terran Ship Weapons Level 2  
  107  10:05  Supply Depot x2  
  107  10:17  Battlecruiser  
  113  10:26  Refinery, Planetary Fortress  
  113  10:31  Refinery  
  113  10:57  Battlecruiser  
  116  11:07  Battlecruiser  
  119  11:25  Supply Depot  
  119  11:27  Battlecruiser  
  124  11:43  Command Center  
  124  11:53  Starport  
  124  11:54  Weapon Refit  
  124  11:59  Terran Vehicle And Ship Armor Level 2, Supply Depot  
  124  12:04  SCV  
  125  12:15  Terran Ship Weapons Level 3  
  124  12:16  SCV  
  125  12:28  SCV  
  126  12:40  SCV  
  127  12:44  Starport Tech Lab  
  127  12:45  Battlecruiser  
  133  12:52  SCV  
  129  13:00  Battlecruiser  
  135  13:39  Battlecruiser  
  141  13:46  Orbital Command  
  120  14:38  Battlecruiser  
  126  14:41  SCV  
  127  14:47  Refinery  
  127  14:50  SCV, Refinery  
  127  14:53  SCV  
  128  15:02  SCV  
  128  15:05  SCV  
  130  15:14  SCV  
  130  15:17  SCV  
  126  15:26  SCV  
  115  15:29  SCV  
  116  15:38  SCV  
Tags
 
Add a new tag
Caveats
  • Supply blocks, unpowered buildings, or Contaminate may cause inaccurate times.
  • Supply counts are checked every 10 seconds.